AoeStats
← Moul_Thon

Arena

509514919Analyzed
2v2 RM · 6d ago on Sep 27, 2026· 22m 47s· 4 players
Game mode
Random Map
Map size
Medium (4 player)
Population
200
Speed
Normal
Resources
Standard
Victory
Conquest
Starting age
Dark Age
Ending age
Imperial Age
RankedLock teamsTeams togetherTeam positionsShared explorationLock speedFull tech treeHidden civsTurbo modeCheats
Victory
Defeat
🇲🇦 Celts · Morocco
1292
+13
🇲🇦 Spanish · Morocco
1254
+14
🇦🇷 Armenians · Argentina
1233
-14
🇭🇰 Byzantines · Hong Kong SAR China
1198
-13
ant
9:14 Feudal Age
12:58 Castle Age
11:15 Double-Bit Axe
11:55 Horse Collar
14:11 Bow Saw
17:19 Sanctity
19:45 Wheelbarrow
20:22 Scale Mail Armor
20:36 Fervor
22:12 Forging
YKK
10:46 Feudal Age
15:19 Castle Age
13:35 Double-Bit Axe
15:00 Horse Collar
16:21 Fletching
17:16 Loom
18:28 Elite Skirmisher
20:13 Elite Skirmisher
20:55 Bodkin Arrow
21:03 Padded Archer Armor
Moul_3asirLimoune
9:52 Feudal Age
14:29 Castle Age
13:38 Double-Bit Axe
13:37 Horse Collar
15:27 Bow Saw
19:54 Padded Archer Armor
Moul_Thon
11:32 Feudal Age
13:30 Double-Bit Axe
15:53 Castle Age
13:45 Horse Collar
14:14 Town Watch
14:52 Scale Mail Armor
17:11 Forging
Connection lost

Rejoining the realm…

Still unreachable

The connection could not be restored.

Session expired

The server has moved on; the page needs a fresh start.